 Dungeon Crawl Stone Soup version 0.30-a0-176-gdd20fb75b6 (webtiles) character file.

Game seed: 4990765515807084427

58 Aibolit the Shooter (level 4, -1/34 HPs)
             Began as a Human Hunter on Oct 2, 2022.
             Slain by a gnoll
             ... wielding a +0 long sword
              (6 damage)
             ... on level 2 of the Dungeon.
             The game lasted 00:02:04 (943 turns).

Aibolit the Shooter (Human Hunter)                   Turns: 943, Time: 00:02:05

Health: -1/34      AC:  4    Str: 12    XL:     4   Next: 21%
Magic:  4/4        EV: 12    Int:  9    God:
Gold:   72         SH:  0    Dex: 18    Spells: 3/3 levels left

rFire   . . .      SeeInvis .    a - +0 shortbow
rCold   . . .      Faith    .    (shield currently unavailable)
rNeg    . . .      Spirit   .    c - +0 leather armour
rPois   .          Reflect  .    (no helmet)
rElec   .          Harm     .    (no cloak)
rCorr   .          Rampage  .    (no gloves)
Will    .....                    d - +0 pair of boots
Stlth   ++........               (no amulet)
HPRegen 0.25/turn                (no ring)
MPRegen 0.09/turn                (no ring)

@: no status effects
A: no striking features
a: no special abilities


You were on level 2 of the Dungeon.
You visited 1 branch of the dungeon, and saw 2 of its levels.

You collected 72 gold pieces.

Inventory:

Hand Weapons
 a - a +0 shortbow (weapon)
Armour
 c - a +0 leather armour (worn)
 d - a +0 pair of boots (worn)
Jewellery
 e - a ring of magical power
Scrolls
 b - a scroll of immolation
 f - a scroll of vulnerability
 i - a scroll of acquirement {unknown}
Potions
 h - a potion of flight {unknown}


   Skills:
 + Level 2.7 Fighting
 + Level 4.3 Ranged Weapons
 + Level 2.6 Dodging
 + Level 2.1 Stealth


You had 3 spell levels left.
You didn't know any spells.
Your spell library was empty.

Dungeon Overview and Level Annotations

Branches:
Dungeon (2/15)

Altars:


Message History

You kill the gnoll!
The hobgoblin closely misses you.
You have reached level 4!
You feel stronger. The hobgoblin attacks as you move away!
The hobgoblin closely misses you. The hobgoblin attacks as you move away!
The hobgoblin closely misses you.
You shoot an arrow. The arrow hits the hobgoblin!
You kill the hobgoblin!
A gnoll is nearby!
Your line of fire to the gnoll is blocked by a granite statue.
Your line of fire to the gnoll is blocked by a granite statue.
No target in view!
You shoot an arrow. The arrow hits the gnoll.
The gnoll is moderately wounded.
You shoot an arrow. The arrow closely misses the gnoll.
No target in view!
No target in view!
You shoot an arrow. The arrow closely misses the gnoll.
You shoot an arrow. The arrow barely misses the gnoll.
You shoot an arrow. The arrow hits the gnoll.
The gnoll is severely wounded.
You shoot an arrow. The arrow barely misses the gnoll.
The gnoll closely misses you. The gnoll barely misses you.
You shoot an arrow. The arrow closely misses the gnoll.
The gnoll hits you with a +0 long sword!
You shoot an arrow. The arrow hits the gnoll.
The gnoll is severely wounded.
The gnoll hits you with a +0 long sword!
You are too injured to fight recklessly!
A gnoll is nearby!
A gnoll is nearby!
A gnoll is nearby!
You are too injured to fight recklessly!
The gnoll attacks as you move away!
The gnoll hits you with a +0 long sword!
* * * LOW HITPOINT WARNING * * *
The gnoll attacks as you move away! The gnoll closely misses you.
The gnoll attacks as you move away!
The gnoll hits you with a +0 long sword.
You die...

..## #.8#8...##
...###.#$#..##
#..)...8#8..#
#...##.....####
###.##..#.....###
#.#..######...# #.#.##
###.## ##...## #.g#
##.....# ##@#
...###.#### ####...#
#.......(.###...##...#
#.####)##.......# ##.#
..####....###>..# #
................#
##########.##...#
................#
#################


You could see a gnoll.

Vanquished Creatures
  3 gnolls (D:2)
  A dart slug (D:2)
  5 endoplasms
  A giant cockroach (D:1)
  2 goblins (D:2)
  3 hobgoblins
  A kobold (D:1)
  A quokka (D:1)
  6 ball pythons
  A bat (D:1)
  2 frilled lizards
26 creatures vanquished.

Notes
Turn   | Place    | Note
-------+----------+-------------------------------------------
     0 | D:1      | Aibolit the Human Hunter began the quest for the Orb.
     0 | D:1      | Reached XP level 1. HP: 16/16 MP: 1/1
   164 | D:1      | Reached XP level 2. HP: 22/22 MP: 2/2
   603 | D:2      | Reached XP level 3. HP: 28/28 MP: 3/3
   845 | D:2      | Reached XP level 4. HP: 4/34 MP: 4/4
   943 | D:2      | Slain by a gnoll

Illustrated notes

Levels and vault maps discovered:
D:1:      dpeg_arrival_pond, layout_basic, serial_glass, glass_columns_b,
          glass_columns_a
D:2:      layout_rooms, kennysheep_decorative_pillar, minmay_statues_item

Skill      XL: |  1  2  3 |
---------------+----------+-----
Stealth        | 2 |  2.1
Fighting       | |  2.7
Ranged Weapons | |  4.3
Dodging        | |  2.6

Action                   |  1- 3 |  4- 6 || total
-------------------------+-------+-------++-------
 Fire: Shortbow          |    64 |     9 ||    73
  Use: Scroll            |     1 |       ||     1
       Potion            |     1 |       ||     1
Armor: Leather armour    |     7 |       ||     7
Dodge: Dodged            |    37 |     5 ||    42

Table legend: (Time is in decaauts)
 A = Elapsed time spent in this place.
 B = Non-inter-level travel time spent in this place.
 C = Inter-level travel time spent in this place.
 D = Time resting spent in this place.
 E = Time spent auto-exploring this place.
 F = Levels seen in this place.
 G = Mean time per level.
                   A        B        C        D        E       F      G
               +--------+--------+--------+--------+--------+-----+--------+
         Total |    967 |    942 |     25 |      0 |    744 |   2 |  483.5 |
       Dungeon |    967 |    942 |     25 |      0 |    744 |   2 |  483.5 |
               +--------+--------+--------+--------+--------+-----+--------+

Top non-repeatable levels by time:
     D:1: 530 daAuts
     D:2: 436 daAuts
